[ PARTIDA AOE2 · #474847881 ]
UnrankedVikingos vs Koreans
[ ANÁLISIS DE REPETICIÓN · EXTRAÍDO DE LA PARTIDA GRABADA ]
Feudal
9:14
Castillos
—
Imperial
—
| APM promedio | 33.7 |
| APM pico | 68 |
| eAPM promedio | 18.3 |
| Aldeanos / militares | 29 / 14 |
Foco
⚔️ 27.9% · 🌾 72.1%
Scout Cavalry ×12 · Spearman ×2
Feudal
8:52
Castillos
—
Imperial
—
| APM promedio | 32.4 |
| APM pico | 55 |
| eAPM promedio | 17.1 |
| Aldeanos / militares | 40 / 26 |
Foco
⚔️ 48.8% · 🌾 51.2%
Archer ×26
Feudal
9:31
Castillos
—
Imperial
—
| APM promedio | 44.3 |
| APM pico | 84 |
| eAPM promedio | 22.6 |
| Aldeanos / militares | 44 / 27 |
Foco
⚔️ 34.6% · 🌾 65.4%
Scout Cavalry ×26 · Spearman ×1
Feudal
8:58
Castillos
—
Imperial
—
| APM promedio | 82.5 |
| APM pico | 98 |
| eAPM promedio | 26.8 |
| Aldeanos / militares | 79 / 21 |
Foco
⚔️ 19.4% · 🌾 80.6%
Scout Cavalry ×21
Feudal
8:29
Castillos
—
Imperial
—
| APM promedio | 46.4 |
| APM pico | 86 |
| eAPM promedio | 14.9 |
| Aldeanos / militares | 34 / 30 |
Foco
⚔️ 32.5% · 🌾 67.5%
Archer ×30
Feudal
9:07
Castillos
—
Imperial
—
| APM promedio | 52.3 |
| APM pico | 92 |
| eAPM promedio | 17.3 |
| Aldeanos / militares | 40 / 24 |
Foco
⚔️ 40.1% · 🌾 59.9%
Archer ×24
Feudal
9:13
Castillos
—
Imperial
—
| APM promedio | 54.2 |
| APM pico | 100 |
| eAPM promedio | 18.6 |
| Aldeanos / militares | 42 / 17 |
Foco
⚔️ 24.6% · 🌾 75.4%
Scout Cavalry ×17
Feudal
9:20
Castillos
—
Imperial
—
| APM promedio | 68.1 |
| APM pico | 125 |
| eAPM promedio | 16.3 |
| Aldeanos / militares | 34 / 29 |
Foco
⚔️ 27.5% · 🌾 72.5%
Archer ×29
Mapa de la partida
Recursos iniciales + cada clic de construcción. Líneas = muros · curvas = relieve. ◆ oro · ⬟ piedra · ● bayas · ✦ reliquia · ◌ hueco del cierre
Tu base· Abierta — flanco sin cerrar
Base de ImVaibhav· Abierta — flanco sin cerrar
Base de yduggal· Abierta — flanco sin cerrar
Base de Lovee· Abierta — flanco sin cerrar
Base de AMMbush· Abierta — flanco sin cerrar
Base de Deadkorpse· Abierta — flanco sin cerrar
Base de Sephiroth· Abierta — flanco sin cerrar
Base de Mirror· Abierta — flanco sin cerrar
Terreno inicial suavizado · ◌ = hueco del cierre detectado · pasá el cursor para detalles
Inputs por minuto
— FraGStaR - - ImVaibhav
Build order — FraGStaR
94 acciones detectadas en el replay
| 0:01 | Crear | Villager (Male) |
| 0:01 | Crear | Villager (Male) |
| 0:01 | Crear | Villager (Male) |
| 0:02 | Crear | Villager (Male) |
| 0:04 | Construir | House |
| 0:06 | Construir | House |
| 1:31 | Crear | Villager (Male) |
| 2:13 | Crear | Villager (Male) |
| 2:35 | Crear | Villager (Male) |
| 2:59 | Crear | Villager (Male) |
| 3:06 | Construir | Lumber Camp |
| 3:19 | Construir | House |
| 3:25 | Crear | Villager (Male) |
| 3:44 | Crear | Villager (Male) |
| 4:10 | Crear | Villager (Male) |
| 4:39 | Crear | Villager (Male) |
| 5:06 | Crear | Villager (Male) |
| 5:07 | Crear | Villager (Male) |
| 5:29 | Crear | Villager (Male) |
| 5:43 | Construir | Mill |
| 5:57 | Investigar | Loom |
| 7:04 | Investigar | Feudal Age |
| 8:22 | Construir | Barracks |
| 8:58 | Construir | House |
| 9:14 | Edad | Edad Feudal |
| 9:16 | Crear | Villager (Male) |
| 9:17 | Crear | Villager (Male) |
| 9:43 | Crear | Villager (Male) |
| 9:56 | Construir | Stable |
| 10:17 | Crear | Spearman |
| 10:26 | Crear | Villager (Male) |
| 10:29 | Investigar | Double-Bit Axe |
| 10:42 | Construir | House |
| 10:44 | Construir | House |
| 10:55 | Crear | Villager (Male) |
| 10:59 | Crear | Scout Cavalry |
| 10:59 | Crear | Scout Cavalry |
| 11:24 | Construir | House |
| 11:43 | Crear | Villager (Male) |
| 11:47 | Construir | Blacksmith |
| 11:48 | Construir | House |
| 11:59 | Crear | Scout Cavalry |
| 12:17 | Construir | House |
| 12:21 | Crear | Villager (Male) |
| 12:26 | Construir | Farm |
| 12:27 | Construir | Farm |
| 12:27 | Construir | Farm |
| 12:27 | Construir | Farm |
| 12:28 | Construir | Farm |
| 12:28 | Construir | Farm |
| 12:28 | Construir | Farm |
| 13:01 | Crear | Scout Cavalry |
| 13:08 | Construir | House |
| 13:10 | Construir | Palisade Wall |
| 13:31 | Crear | Scout Cavalry |
| 13:35 | Construir | Farm |
| 13:37 | Crear | Villager (Male) |
| 13:56 | Crear | Scout Cavalry |
| 14:18 | Crear | Scout Cavalry |
| 14:20 | Crear | Villager (Male) |
| 14:49 | Investigar | Scale Barding Armor |
| 14:50 | Crear | Villager (Male) |
| 14:55 | Construir | Farm |
| 14:56 | Construir | Farm |
| 14:56 | Construir | Farm |
| 14:56 | Construir | Farm |
| 14:56 | Construir | Farm |
| 14:57 | Construir | Farm |
| 15:00 | Construir | House |
| 15:01 | Construir | Palisade Wall |
| 15:06 | Construir | Palisade Wall |
| 15:09 | Crear | Villager (Male) |
| 15:45 | Construir | Farm |
| 15:46 | Construir | Farm |
| 15:46 | Construir | Farm |
| 15:51 | Crear | Spearman |
| 16:24 | Crear | Scout Cavalry |
| 16:24 | Crear | Scout Cavalry |
| 16:53 | Crear | Villager (Male) |
| 16:54 | Crear | Villager (Male) |
| 16:59 | Construir | Farm |
| 16:59 | Construir | Farm |
| 17:00 | Construir | Farm |
| 17:11 | Construir | House |
| 17:12 | Construir | House |
| 17:15 | Construir | Palisade Wall |
| 18:01 | Construir | Mining Camp |
| 18:03 | Crear | Villager (Male) |
| 18:07 | Investigar | Forging |
| 18:10 | Crear | Scout Cavalry |
| 18:10 | Crear | Scout Cavalry |
| 18:42 | Crear | Scout Cavalry |
| 18:46 | Construir | House |
| 18:50 | Construir | House |
Build order — ImVaibhav
102 acciones detectadas en el replay
| 0:01 | Crear | Villager (Male) ×4 |
| 0:03 | Construir | House |
| 0:05 | Construir | House |
| 1:24 | Crear | Villager (Male) |
| 1:46 | Construir | Lumber Camp |
| 1:56 | Crear | Villager (Male) |
| 2:12 | Construir | House |
| 2:20 | Crear | Villager (Male) |
| 2:47 | Crear | Villager (Male) |
| 3:06 | Crear | Villager (Male) |
| 3:45 | Crear | Villager (Male) |
| 3:45 | Crear | Villager (Male) |
| 4:09 | Crear | Villager (Male) |
| 4:27 | Crear | Villager (Male) |
| 5:03 | Crear | Villager (Male) |
| 5:17 | Construir | Mining Camp |
| 5:24 | Crear | Villager (Male) |
| 5:44 | Investigar | Loom |
| 6:11 | Crear | Villager (Male) |
| 6:42 | Investigar | Feudal Age |
| 7:45 | Construir | Barracks |
| 7:53 | Crear | Villager (Male) |
| 7:54 | Crear | Villager (Male) |
| 8:14 | Construir | House |
| 8:20 | Crear | Villager (Male) |
| 8:52 | Edad | Edad Feudal |
| 9:13 | Construir | Archery Range |
| 9:19 | Crear | Villager (Male) |
| 9:51 | Construir | House |
| 9:53 | Construir | Archery Range |
| 10:28 | Construir | Mill |
| 10:30 | Crear | Villager (Male) |
| 10:34 | Crear | Archer |
| 10:46 | Construir | House |
| 10:47 | Construir | House |
| 10:51 | Crear | Villager (Male) |
| 11:11 | Crear | Archer |
| 11:14 | Crear | Villager (Male) |
| 11:19 | Crear | Archer |
| 11:22 | Construir | Blacksmith |
| 11:33 | Crear | Villager (Male) |
| 11:57 | Crear | Archer |
| 11:57 | Crear | Archer |
| 12:06 | Crear | Villager (Male) |
| 12:08 | Crear | Archer |
| 12:08 | Crear | Archer |
| 12:17 | Crear | Villager (Male) |
| 12:39 | Crear | Villager (Male) |
| 12:43 | Investigar | Fletching |
| 13:03 | Crear | Villager (Male) |
| 13:04 | Crear | Archer |
| 13:05 | Crear | Archer |
| 13:18 | Construir | House |
| 13:19 | Construir | House |
| 13:21 | Construir | House |
| 13:28 | Crear | Villager (Male) |
| 13:32 | Construir | Farm |
| 13:41 | Crear | Archer |
| 14:15 | Crear | Villager (Male) |
| 14:16 | Crear | Archer |
| 14:16 | Crear | Archer |
| 14:36 | Crear | Villager (Male) |
| 14:37 | Crear | Archer |
| 14:37 | Crear | Archer |
| 14:55 | Crear | Villager (Male) |
| 14:56 | Crear | Archer |
| 14:57 | Crear | Archer |
| 14:58 | Crear | Villager (Male) |
| 15:01 | Construir | House |
| 15:03 | Construir | House |
| 15:21 | Construir | Farm |
| 15:23 | Construir | Farm |
| 15:24 | Construir | Farm |
| 15:59 | Crear | Villager (Male) |
| 16:00 | Crear | Archer |
| 16:00 | Crear | Archer |
| 16:30 | Crear | Villager (Male) |
| 16:31 | Crear | Archer |
| 16:31 | Crear | Archer |
| 17:10 | Crear | Archer |
| 17:11 | Crear | Archer |
| 17:11 | Crear | Villager (Male) |
| 17:12 | Crear | Villager (Male) |
| 17:27 | Construir | Farm |
| 17:27 | Construir | Farm |
| 17:27 | Construir | Farm |
| 17:28 | Construir | Farm |
| 17:31 | Construir | Farm |
| 17:32 | Construir | Farm |
| 17:32 | Construir | Farm |
| 17:32 | Construir | Farm |
| 17:33 | Construir | Farm |
| 17:42 | Crear | Villager (Male) |
| 18:05 | Crear | Villager (Male) |
| 18:06 | Crear | Archer |
| 18:06 | Crear | Archer |
| 18:37 | Construir | Farm |
| 18:39 | Construir | Farm |
| 18:42 | Construir | Farm |
| 18:44 | Crear | Villager (Male) |
| 18:47 | Crear | Archer |
| 18:47 | Crear | Archer |
Build order — yduggal
127 acciones detectadas en el replay
| 0:00 | Crear | Villager (Male) |
| 0:00 | Crear | Villager (Male) |
| 0:01 | Crear | Villager (Male) |
| 0:01 | Crear | Villager (Male) |
| 0:02 | Construir | House |
| 0:04 | Construir | House |
| 0:05 | Construir | House |
| 0:47 | Construir | Mill |
| 1:32 | Crear | Villager (Male) |
| 2:01 | Crear | Villager (Male) |
| 2:02 | Crear | Villager (Male) |
| 2:30 | Crear | Villager (Male) |
| 2:30 | Crear | Villager (Male) |
| 2:50 | Crear | Villager (Male) |
| 3:08 | Crear | Villager (Male) |
| 3:39 | Crear | Villager (Male) |
| 3:39 | Crear | Villager (Male) |
| 3:55 | Construir | Lumber Camp |
| 3:58 | Crear | Villager (Male) |
| 3:58 | Crear | Villager (Male) |
| 4:17 | Crear | Villager (Male) |
| 4:17 | Crear | Villager (Male) |
| 4:33 | Investigar | Loom |
| 4:39 | Construir | House |
| 4:48 | Crear | Villager (Male) |
| 4:49 | Crear | Villager (Male) |
| 4:49 | Crear | Villager (Male) |
| 4:50 | Crear | Villager (Male) |
| 4:50 | Crear | Villager (Male) |
| 5:22 | Crear | Villager (Male) |
| 5:22 | Crear | Villager (Male) |
| 6:13 | Crear | Villager (Male) |
| 6:49 | Crear | Villager (Male) |
| 7:21 | Investigar | Feudal Age |
| 7:21 | Investigar | Feudal Age |
| 7:38 | Construir | House |
| 8:15 | Construir | Barracks |
| 8:17 | Construir | Palisade Wall |
| 8:48 | Crear | Villager (Male) |
| 8:48 | Crear | Villager (Male) |
| 9:29 | Crear | Villager (Male) |
| 9:31 | Edad | Edad Feudal |
| 9:34 | Construir | Stable |
| 9:56 | Crear | Villager (Male) |
| 9:59 | Investigar | Horse Collar |
| 9:59 | Investigar | Horse Collar |
| 9:59 | Investigar | Horse Collar |
| 10:01 | Construir | Farm |
| 10:03 | Construir | Farm |
| 10:07 | Construir | Farm |
| 10:08 | Construir | Farm |
| 10:11 | Crear | Villager (Male) |
| 10:13 | Construir | Farm |
| 10:20 | Investigar | Double-Bit Axe |
| 10:20 | Investigar | Double-Bit Axe |
| 10:24 | Construir | Palisade Wall |
| 10:29 | Crear | Scout Cavalry |
| 10:37 | Construir | Palisade Wall |
| 10:40 | Construir | Palisade Wall |
| 10:41 | Construir | Palisade Wall |
| 10:46 | Construir | Palisade Gate |
| 10:48 | Construir | Palisade Wall |
| 10:50 | Crear | Villager (Male) |
| 10:52 | Construir | Farm |
| 11:08 | Crear | Scout Cavalry |
| 11:08 | Crear | Scout Cavalry |
| 11:20 | Construir | House |
| 11:22 | Crear | Scout Cavalry |
| 11:27 | Crear | Scout Cavalry |
| 11:31 | Crear | Villager (Male) |
| 11:45 | Construir | House |
| 11:46 | Crear | Scout Cavalry |
| 11:46 | Crear | Scout Cavalry |
| 11:54 | Construir | House |
| 11:58 | Construir | House |
| 12:02 | Crear | Scout Cavalry |
| 12:11 | Crear | Scout Cavalry |
| 12:30 | Crear | Spearman |
| 12:38 | Construir | Farm |
| 12:40 | Crear | Villager (Male) |
| 12:57 | Crear | Scout Cavalry |
| 13:05 | Construir | House |
| 13:11 | Construir | Farm |
| 13:11 | Crear | Villager (Male) |
| 13:16 | Construir | Blacksmith |
| 13:18 | Crear | Scout Cavalry |
| 13:22 | Construir | Farm |
| 13:24 | Crear | Villager (Male) |
| 13:34 | Construir | Palisade Wall |
| 13:38 | Construir | House |
| 13:40 | Crear | Scout Cavalry |
| 14:03 | Construir | Farm |
| 14:05 | Crear | Scout Cavalry |
| 14:13 | Construir | Farm |
| 14:16 | Crear | Scout Cavalry |
| 14:26 | Crear | Scout Cavalry |
| 14:35 | Crear | Scout Cavalry |
| 14:43 | Construir | House |
| 14:50 | Crear | Scout Cavalry |
| 14:55 | Crear | Scout Cavalry |
| 15:11 | Investigar | Scale Barding Armor |
| 15:13 | Construir | House |
| 15:17 | Crear | Scout Cavalry |
| 15:20 | Crear | Villager (Male) |
| 15:37 | Crear | Scout Cavalry |
| 15:53 | Construir | Farm |
| 15:55 | Construir | Farm |
| 15:55 | Construir | Farm |
| 15:56 | Construir | Farm |
| 16:01 | Construir | Farm |
| 16:01 | Crear | Villager (Male) |
| 16:10 | Crear | Scout Cavalry |
| 16:20 | Construir | Farm |
| 16:33 | Crear | Scout Cavalry |
| 16:41 | Construir | Farm |
| 16:42 | Crear | Villager (Male) |
| 16:49 | Construir | Mining Camp |
| 16:57 | Crear | Scout Cavalry |
| 17:05 | Crear | Scout Cavalry |
| 17:06 | Crear | Villager (Male) |
| 17:11 | Crear | Villager (Male) |
| 17:11 | Crear | Villager (Male) |
| 17:29 | Crear | Villager (Male) |
| 17:37 | Construir | Stable |
| 17:53 | Crear | Scout Cavalry |
| 18:01 | Crear | Scout Cavalry |
| 18:05 | Crear | Villager (Male) |
Build order — Lovee
144 acciones detectadas en el replay
| 0:01 | Crear | Villager (Male) |
| 0:01 | Crear | Villager (Male) |
| 0:01 | Crear | Villager (Male) |
| 0:01 | Crear | Villager (Male) |
| 0:01 | Crear | Villager (Male) |
| 0:02 | Crear | Villager (Male) |
| 0:03 | Construir | House |
| 0:05 | Construir | House |
| 1:25 | Crear | Villager (Male) |
| 1:25 | Crear | Villager (Male) |
| 1:25 | Crear | Villager (Male) |
| 1:25 | Crear | Villager (Male) |
| 1:25 | Crear | Villager (Male) |
| 2:04 | Construir | Mule Cart |
| 2:04 | Crear | Villager (Male) |
| 2:04 | Crear | Villager (Male) |
| 2:04 | Crear | Villager (Male) |
| 2:20 | Crear | Villager (Male) |
| 2:20 | Crear | Villager (Male) |
| 2:20 | Crear | Villager (Male) |
| 2:20 | Crear | Villager (Male) |
| 2:20 | Crear | Villager (Male) |
| 2:48 | Crear | Villager (Male) |
| 2:48 | Crear | Villager (Male) |
| 2:48 | Crear | Villager (Male) |
| 2:48 | Crear | Villager (Male) |
| 2:48 | Crear | Villager (Male) |
| 2:48 | Crear | Villager (Male) |
| 2:48 | Crear | Villager (Male) |
| 3:26 | Crear | Villager (Male) |
| 3:26 | Crear | Villager (Male) |
| 3:26 | Crear | Villager (Male) |
| 3:26 | Crear | Villager (Male) |
| 3:26 | Crear | Villager (Male) |
| 3:47 | Crear | Villager (Male) |
| 3:47 | Crear | Villager (Male) |
| 3:47 | Crear | Villager (Male) |
| 3:47 | Crear | Villager (Male) |
| 3:47 | Crear | Villager (Male) |
| 3:47 | Crear | Villager (Male) |
| 4:09 | Construir | House |
| 4:14 | Crear | Villager (Male) |
| 4:14 | Crear | Villager (Male) |
| 4:14 | Crear | Villager (Male) |
| 4:14 | Crear | Villager (Male) |
| 4:14 | Crear | Villager (Male) |
| 4:14 | Crear | Villager (Male) |
| 4:25 | Construir | Mill |
| 4:58 | Crear | Villager (Male) |
| 4:58 | Crear | Villager (Male) |
| 4:58 | Crear | Villager (Male) |
| 4:58 | Crear | Villager (Male) |
| 5:04 | Crear | Villager (Male) |
| 5:04 | Crear | Villager (Male) |
| 5:04 | Crear | Villager (Male) |
| 5:04 | Crear | Villager (Male) |
| 5:04 | Crear | Villager (Male) |
| 5:31 | Crear | Villager (Male) |
| 5:31 | Crear | Villager (Male) |
| 5:53 | Investigar | Loom |
| 6:48 | Investigar | Feudal Age |
| 7:54 | Construir | Barracks |
| 8:24 | Crear | Villager (Male) |
| 8:58 | Edad | Edad Feudal |
| 9:03 | Construir | Stable |
| 9:06 | Investigar | Double-Bit Axe |
| 9:06 | Investigar | Double-Bit Axe |
| 9:19 | Crear | Villager (Male) |
| 9:27 | Construir | House |
| 9:37 | Crear | Scout Cavalry |
| 9:37 | Crear | Scout Cavalry |
| 9:37 | Crear | Scout Cavalry |
| 9:37 | Crear | Scout Cavalry |
| 9:37 | Crear | Scout Cavalry |
| 9:40 | Crear | Scout Cavalry |
| 9:40 | Crear | Scout Cavalry |
| 9:40 | Crear | Scout Cavalry |
| 9:40 | Crear | Scout Cavalry |
| 9:40 | Crear | Scout Cavalry |
| 9:40 | Crear | Scout Cavalry |
| 9:40 | Crear | Scout Cavalry |
| 9:51 | Construir | Farm |
| 9:53 | Construir | Farm |
| 9:56 | Construir | Farm |
| 10:08 | Crear | Villager (Male) |
| 10:25 | Construir | Farm |
| 10:29 | Crear | Villager (Male) |
| 10:29 | Crear | Villager (Male) |
| 10:29 | Crear | Villager (Male) |
| 10:39 | Crear | Villager (Male) |
| 10:39 | Crear | Villager (Male) |
| 10:39 | Crear | Villager (Male) |
| 10:42 | Construir | Farm |
| 10:50 | Construir | House |
| 11:15 | Crear | Villager (Male) |
| 11:15 | Crear | Villager (Male) |
| 11:20 | Construir | Farm |
| 11:21 | Construir | Farm |
| 11:22 | Construir | House |
| 11:38 | Crear | Scout Cavalry |
| 11:39 | Construir | Farm |
| 11:49 | Crear | Villager (Male) |
| 11:51 | Construir | Farm |
| 11:56 | Construir | House |
| 12:11 | Crear | Villager (Male) |
| 12:13 | Construir | Farm |
| 12:14 | Construir | Farm |
| 12:17 | Crear | Scout Cavalry |
| 12:17 | Crear | Scout Cavalry |
| 12:31 | Construir | Farm |
| 12:32 | Construir | Farm |
| 13:09 | Crear | Villager (Male) |
| 13:12 | Construir | Farm |
| 13:12 | Crear | Scout Cavalry |
| 13:12 | Crear | Scout Cavalry |
| 13:39 | Crear | Villager (Male) |
| 13:41 | Construir | Farm |
| 13:42 | Construir | Farm |
| 13:43 | Construir | Farm |
| 13:45 | Construir | House |
| 13:57 | Crear | Scout Cavalry |
| 14:14 | Crear | Scout Cavalry |
| 14:15 | Crear | Scout Cavalry |
| 14:22 | Crear | Villager (Male) |
| 14:29 | Construir | Mule Cart |
| 14:41 | Crear | Scout Cavalry |
| 14:56 | Crear | Villager (Male) |
| 14:59 | Construir | House |
| 15:10 | Crear | Villager (Male) |
| 15:16 | Construir | Blacksmith |
| 15:25 | Crear | Villager (Male) |
| 15:46 | Crear | Villager (Male) |
| 15:47 | Construir | Farm |
| 16:18 | Crear | Villager (Male) |
| 16:50 | Crear | Villager (Male) |
| 16:57 | Construir | Mule Cart |
| 17:30 | Crear | Villager (Male) |
| 17:36 | Construir | Farm |
| 17:37 | Construir | Farm |
| 17:59 | Crear | Villager (Male) |
| 18:00 | Crear | Villager (Male) |
| 18:03 | Construir | Farm |
| 18:31 | Investigar | Castle Age |
| 18:31 | Investigar | Castle Age |
Build order — AMMbush
101 acciones detectadas en el replay
| 0:01 | Crear | Villager (Male) |
| 0:02 | Construir | House |
| 0:03 | Construir | House |
| 0:06 | Crear | Villager (Male) ×3 |
| 1:31 | Crear | Villager (Male) |
| 1:58 | Crear | Villager (Male) |
| 2:25 | Crear | Villager (Male) |
| 2:46 | Crear | Villager (Male) |
| 2:47 | Crear | Villager (Male) |
| 3:11 | Construir | Lumber Camp |
| 3:14 | Crear | Villager (Male) |
| 3:23 | Construir | House |
| 3:27 | Crear | Villager (Male) |
| 3:48 | Crear | Villager (Male) |
| 4:14 | Crear | Villager (Male) |
| 4:14 | Crear | Villager (Male) |
| 4:42 | Crear | Villager (Male) |
| 4:44 | Investigar | Loom |
| 5:08 | Construir | Mining Camp |
| 6:19 | Investigar | Feudal Age |
| 7:13 | Construir | House |
| 8:10 | Construir | Barracks |
| 8:19 | Crear | Villager (Male) |
| 8:29 | Edad | Edad Feudal |
| 8:53 | Crear | Villager (Male) |
| 9:01 | Construir | Archery Range |
| 9:03 | Construir | Archery Range |
| 9:13 | Crear | Villager (Male) |
| 9:35 | Crear | Villager (Male) |
| 9:41 | Construir | Blacksmith |
| 9:42 | Construir | House |
| 9:55 | Crear | Archer |
| 10:07 | Crear | Villager (Male) |
| 10:08 | Crear | Archer |
| 10:13 | Crear | Archer |
| 10:15 | Crear | Archer |
| 10:24 | Construir | Palisade Wall |
| 10:39 | Crear | Villager (Male) |
| 10:43 | Construir | House |
| 10:45 | Crear | Archer |
| 10:45 | Crear | Archer |
| 10:57 | Crear | Archer |
| 10:58 | Crear | Archer |
| 11:10 | Construir | Mill |
| 11:13 | Crear | Villager (Male) |
| 11:51 | Investigar | Fletching |
| 11:51 | Crear | Archer |
| 11:54 | Crear | Archer |
| 12:27 | Crear | Archer |
| 12:44 | Crear | Villager (Male) |
| 12:44 | Crear | Archer |
| 13:01 | Crear | Archer |
| 13:27 | Crear | Villager (Male) |
| 13:28 | Crear | Archer |
| 13:28 | Crear | Archer |
| 14:04 | Crear | Archer |
| 14:07 | Crear | Villager (Male) |
| 14:07 | Crear | Archer |
| 14:18 | Construir | Palisade Wall |
| 14:20 | Construir | Palisade Gate |
| 14:27 | Crear | Villager (Male) |
| 14:33 | Crear | Archer |
| 14:37 | Construir | House |
| 14:40 | Construir | Palisade Gate |
| 14:41 | Construir | House |
| 14:49 | Crear | Villager (Male) |
| 14:49 | Crear | Archer |
| 15:10 | Crear | Archer |
| 15:18 | Construir | Farm |
| 15:18 | Construir | Farm |
| 15:19 | Construir | Farm |
| 15:19 | Construir | Farm |
| 15:19 | Construir | Farm |
| 15:19 | Construir | Farm |
| 15:27 | Crear | Villager (Male) |
| 15:28 | Crear | Archer |
| 15:42 | Crear | Archer |
| 15:47 | Crear | Villager (Male) |
| 15:54 | Construir | House |
| 15:55 | Construir | House |
| 16:11 | Crear | Archer |
| 16:23 | Construir | House |
| 16:24 | Construir | House |
| 16:28 | Crear | Villager (Male) |
| 16:29 | Crear | Archer |
| 16:41 | Construir | Farm |
| 16:43 | Construir | Farm |
| 16:43 | Construir | Farm |
| 16:53 | Crear | Archer |
| 17:05 | Crear | Archer |
| 17:07 | Crear | Villager (Male) |
| 17:47 | Crear | Villager (Male) |
| 17:48 | Crear | Archer |
| 17:48 | Crear | Archer |
| 17:52 | Construir | Farm |
| 17:53 | Construir | Farm |
| 18:01 | Crear | Villager (Male) |
| 18:23 | Crear | Archer |
| 18:23 | Crear | Archer |
| 18:48 | Crear | Villager (Male) |
| 18:50 | Construir | House |
Build order — Deadkorpse
97 acciones detectadas en el replay
| 0:01 | Crear | Villager (Male) |
| 0:01 | Crear | Villager (Male) |
| 0:02 | Construir | House |
| 0:04 | Construir | House |
| 0:06 | Crear | Villager (Male) |
| 0:07 | Crear | Villager (Male) |
| 1:36 | Crear | Villager (Male) |
| 1:59 | Crear | Villager (Male) |
| 1:59 | Crear | Villager (Male) |
| 2:11 | Construir | Lumber Camp |
| 2:16 | Crear | Villager (Male) |
| 2:24 | Crear | Villager (Male) |
| 2:48 | Crear | Villager (Male) |
| 3:37 | Crear | Villager (Male) |
| 3:37 | Crear | Villager (Male) |
| 3:49 | Construir | House |
| 4:15 | Crear | Villager (Male) |
| 4:53 | Crear | Villager (Male) |
| 4:53 | Crear | Villager (Male) |
| 5:02 | Construir | Mining Camp |
| 5:17 | Crear | Villager (Male) |
| 6:20 | Crear | Villager (Male) |
| 6:57 | Investigar | Feudal Age |
| 7:47 | Construir | House |
| 8:01 | Construir | Barracks |
| 8:17 | Crear | Villager (Male) |
| 9:07 | Edad | Edad Feudal |
| 9:14 | Construir | Archery Range |
| 9:16 | Construir | Archery Range |
| 9:26 | Crear | Villager (Male) |
| 9:30 | Construir | House |
| 9:50 | Crear | Villager (Male) |
| 10:05 | Crear | Villager (Male) |
| 10:06 | Crear | Villager (Male) |
| 10:12 | Construir | House |
| 10:23 | Crear | Archer |
| 10:23 | Crear | Archer |
| 10:26 | Crear | Villager (Male) |
| 10:39 | Construir | Blacksmith |
| 10:45 | Construir | House |
| 10:59 | Crear | Archer |
| 11:00 | Crear | Archer |
| 11:11 | Crear | Villager (Male) |
| 11:12 | Investigar | Double-Bit Axe |
| 11:19 | Construir | House |
| 11:30 | Crear | Archer |
| 11:31 | Crear | Archer |
| 11:31 | Crear | Villager (Male) |
| 11:36 | Construir | Mill |
| 11:44 | Investigar | Fletching |
| 11:52 | Construir | House |
| 11:54 | Construir | House |
| 12:16 | Crear | Archer |
| 12:16 | Crear | Archer |
| 12:17 | Crear | Villager (Male) |
| 12:33 | Crear | Archer |
| 12:33 | Crear | Archer |
| 12:46 | Crear | Archer |
| 12:47 | Crear | Villager (Male) |
| 13:03 | Crear | Archer |
| 13:13 | Construir | House |
| 13:19 | Construir | Farm |
| 13:20 | Crear | Villager (Male) |
| 13:55 | Crear | Archer |
| 13:56 | Crear | Villager (Male) |
| 13:56 | Crear | Villager (Male) |
| 13:57 | Construir | Farm |
| 14:00 | Construir | House |
| 14:18 | Crear | Archer |
| 14:18 | Crear | Archer |
| 14:20 | Crear | Villager (Male) |
| 14:49 | Crear | Archer |
| 14:50 | Crear | Archer |
| 14:50 | Crear | Villager (Male) |
| 14:50 | Crear | Villager (Male) |
| 15:06 | Construir | Farm |
| 15:08 | Construir | Farm |
| 15:13 | Construir | House |
| 15:14 | Construir | House |
| 15:14 | Construir | House |
| 15:25 | Crear | Archer |
| 15:28 | Crear | Villager (Male) |
| 15:29 | Crear | Villager (Male) |
| 15:29 | Crear | Villager (Male) |
| 15:47 | Crear | Villager (Male) |
| 15:57 | Crear | Archer |
| 15:58 | Crear | Archer |
| 15:58 | Crear | Archer |
| 15:58 | Crear | Archer |
| 16:33 | Construir | Farm |
| 16:35 | Construir | Farm |
| 16:56 | Crear | Archer |
| 16:56 | Crear | Archer |
| 17:12 | Crear | Villager (Male) |
| 17:47 | Construir | Watch Tower |
| 18:02 | Crear | Villager (Male) |
| 18:03 | Crear | Villager (Male) |
Build order — Sephiroth
107 acciones detectadas en el replay
| 0:00 | Crear | Villager (Male) |
| 0:01 | Crear | Villager (Male) |
| 0:02 | Construir | House |
| 0:03 | Construir | House |
| 0:08 | Crear | Villager (Male) |
| 0:09 | Crear | Villager (Male) |
| 1:23 | Crear | Villager (Male) |
| 1:53 | Crear | Villager (Male) |
| 2:16 | Crear | Villager (Male) |
| 2:34 | Construir | House |
| 2:45 | Crear | Villager (Male) |
| 3:00 | Crear | Villager (Male) |
| 3:06 | Construir | Mill |
| 3:31 | Crear | Villager (Male) |
| 4:01 | Crear | Villager (Male) |
| 4:25 | Crear | Villager (Male) |
| 4:25 | Crear | Villager (Male) |
| 4:29 | Construir | Lumber Camp |
| 5:12 | Crear | Villager (Male) |
| 5:12 | Crear | Villager (Male) |
| 5:14 | Crear | Villager (Male) |
| 5:45 | Crear | Villager (Male) |
| 5:55 | Investigar | Loom |
| 5:57 | Crear | Villager (Male) |
| 6:04 | Crear | Villager (Male) |
| 6:08 | Construir | House |
| 7:03 | Investigar | Feudal Age |
| 7:32 | Crear | Villager (Male) |
| 8:02 | Construir | Barracks |
| 8:58 | Construir | House |
| 9:13 | Edad | Edad Feudal |
| 9:14 | Construir | Palisade Wall |
| 9:23 | Construir | Stable |
| 9:27 | Construir | House |
| 9:31 | Construir | Palisade Wall |
| 9:34 | Crear | Villager (Male) |
| 9:36 | Crear | Villager (Male) |
| 9:37 | Crear | Villager (Male) |
| 10:01 | Investigar | Double-Bit Axe |
| 10:01 | Investigar | Double-Bit Axe |
| 10:08 | Crear | Scout Cavalry |
| 10:08 | Crear | Scout Cavalry |
| 10:09 | Crear | Villager (Male) |
| 10:11 | Construir | Farm |
| 10:13 | Construir | Farm |
| 10:14 | Crear | Villager (Male) |
| 10:23 | Construir | Farm |
| 10:29 | Crear | Scout Cavalry |
| 10:32 | Construir | House |
| 10:39 | Crear | Villager (Male) |
| 10:57 | Crear | Scout Cavalry |
| 10:57 | Crear | Villager (Male) |
| 11:00 | Construir | Farm |
| 11:13 | Crear | Villager (Male) |
| 11:21 | Construir | Farm |
| 11:32 | Construir | Farm |
| 11:43 | Crear | Scout Cavalry |
| 12:01 | Construir | House |
| 12:04 | Construir | Palisade Wall |
| 12:13 | Crear | Scout Cavalry |
| 12:15 | Crear | Villager (Male) |
| 12:15 | Crear | Villager (Male) |
| 12:29 | Crear | Scout Cavalry |
| 12:38 | Crear | Villager (Male) |
| 12:42 | Construir | Blacksmith |
| 12:50 | Crear | Scout Cavalry |
| 13:06 | Crear | Villager (Male) |
| 13:18 | Crear | Villager (Male) |
| 13:20 | Construir | Farm |
| 13:22 | Construir | Farm |
| 13:31 | Crear | Villager (Male) |
| 13:33 | Construir | Farm |
| 13:41 | Crear | Scout Cavalry |
| 14:00 | Crear | Scout Cavalry |
| 14:32 | Crear | Scout Cavalry |
| 14:33 | Crear | Villager (Male) |
| 14:45 | Crear | Villager (Male) |
| 15:11 | Construir | Farm |
| 15:12 | Construir | Farm |
| 15:17 | Construir | Farm |
| 15:18 | Construir | Farm |
| 15:18 | Construir | Farm |
| 15:19 | Construir | Farm |
| 15:31 | Investigar | Wheelbarrow |
| 15:32 | Crear | Villager (Male) |
| 15:41 | Construir | Farm |
| 15:45 | Construir | Farm |
| 15:47 | Construir | Farm |
| 15:52 | Crear | Scout Cavalry |
| 16:09 | Crear | Scout Cavalry |
| 16:17 | Construir | Farm |
| 16:17 | Crear | Villager (Male) |
| 16:19 | Construir | Farm |
| 16:32 | Crear | Villager (Male) |
| 16:36 | Crear | Scout Cavalry |
| 17:05 | Construir | Farm |
| 17:07 | Construir | Farm |
| 17:09 | Investigar | Horse Collar |
| 17:09 | Crear | Villager (Male) |
| 17:15 | Investigar | Scale Barding Armor |
| 17:31 | Crear | Scout Cavalry |
| 17:41 | Crear | Scout Cavalry |
| 17:42 | Crear | Villager (Male) |
| 17:52 | Construir | Lumber Camp |
| 17:53 | Crear | Villager (Male) |
| 17:58 | Construir | Farm |
| 18:03 | Crear | Scout Cavalry |
Build order — Mirror
80 acciones detectadas en el replay
| 0:02 | Crear | Villager (Male) |
| 0:02 | Crear | Villager (Male) |
| 0:04 | Construir | House |
| 0:15 | Crear | Villager (Male) |
| 0:15 | Crear | Villager (Male) |
| 1:14 | Crear | Villager (Male) |
| 1:48 | Crear | Villager (Male) |
| 2:13 | Crear | Villager (Male) |
| 2:42 | Crear | Villager (Male) |
| 3:15 | Crear | Villager (Male) |
| 3:26 | Construir | Settlement |
| 3:33 | Crear | Villager (Male) |
| 3:38 | Construir | House |
| 3:56 | Crear | Villager (Male) |
| 4:13 | Crear | Villager (Male) |
| 4:25 | Crear | Villager (Male) |
| 5:08 | Investigar | Loom |
| 5:09 | Crear | Villager (Male) |
| 5:57 | Construir | Barracks |
| 6:10 | Crear | Villager (Male) |
| 6:24 | Crear | Villager (Male) |
| 6:34 | Construir | Palisade Wall |
| 7:10 | Investigar | Feudal Age |
| 7:11 | Investigar | Feudal Age |
| 7:11 | Investigar | Feudal Age |
| 9:20 | Edad | Edad Feudal |
| 9:24 | Construir | Archery Range |
| 9:25 | Construir | Archery Range |
| 9:29 | Crear | Villager (Male) |
| 9:40 | Crear | Villager (Male) |
| 9:54 | Construir | Palisade Wall |
| 10:15 | Crear | Archer |
| 10:15 | Crear | Archer |
| 10:15 | Crear | Archer |
| 10:16 | Crear | Archer |
| 10:16 | Crear | Archer |
| 10:21 | Construir | Blacksmith |
| 10:23 | Construir | House |
| 10:38 | Crear | Villager (Male) |
| 11:04 | Crear | Archer |
| 11:33 | Crear | Villager (Male) |
| 11:35 | Investigar | Fletching |
| 11:35 | Investigar | Fletching |
| 11:41 | Construir | Settlement |
| 11:45 | Crear | Archer |
| 11:46 | Crear | Archer |
| 12:25 | Crear | Archer |
| 12:27 | Investigar | Padded Archer Armor |
| 12:31 | Crear | Villager (Male) |
| 12:31 | Crear | Villager (Male) |
| 12:38 | Construir | Watch Tower |
| 12:46 | Crear | Archer |
| 13:02 | Crear | Villager (Male) |
| 13:02 | Crear | Villager (Male) |
| 14:24 | Crear | Villager (Male) |
| 14:24 | Crear | Villager (Male) |
| 14:24 | Crear | Villager (Male) |
| 14:25 | Crear | Villager (Male) |
| 14:37 | Crear | Archer ×4 |
| 14:37 | Crear | Archer ×4 |
| 15:16 | Construir | Palisade Wall |
| 15:46 | Crear | Villager (Male) |
| 15:52 | Construir | Settlement |
| 16:08 | Construir | Palisade Wall |
| 16:10 | Crear | Villager (Male) |
| 16:18 | Construir | Palisade Wall |
| 16:21 | Crear | Archer ×4 |
| 16:22 | Crear | Archer ×4 |
| 16:34 | Crear | Villager (Male) |
| 16:34 | Crear | Villager (Male) |
| 16:42 | Construir | Farm |
| 16:49 | Crear | Archer |
| 17:03 | Crear | Archer |
| 17:03 | Crear | Archer |
| 17:05 | Crear | Villager (Male) |
| 17:10 | Construir | Farm |
| 17:20 | Construir | Palisade Wall |
| 17:33 | Construir | Farm |
| 17:37 | Crear | Villager (Male) |
| 17:55 | Investigar | Double-Bit Axe |
Cronología de la partida
| 5:57 | Mirror · first_building Barracks |
| 6:34 | Mirror · wall_segment Palisade Wall x1 |
| 7:45 | ImVaibhav · first_building Barracks |
| 7:54 | Lovee · first_building Barracks |
| 8:01 | Deadkorpse · first_building Barracks |
| 8:02 | Sephiroth · first_building Barracks |
| 8:10 | AMMbush · first_building Barracks |
| 8:15 | yduggal · first_building Barracks |
| 8:17 | yduggal · wall_segment Palisade Wall x5 |
| 8:22 | FraGStaR · first_building Barracks |
| 8:29 | AMMbush · age_up feudal |
| 8:52 | ImVaibhav · age_up feudal |
| 8:58 | Lovee · age_up feudal |
| 9:01 | AMMbush · first_building Archery Range |
| 9:03 | Lovee · first_building Stable |
| 9:07 | Deadkorpse · age_up feudal |
| 9:13 | ImVaibhav · first_building Archery Range |
| 9:13 | Sephiroth · age_up feudal |
| 9:14 | Deadkorpse · first_building Archery Range |
| 9:14 | FraGStaR · age_up feudal |
| 9:14 | Sephiroth · wall_segment Palisade Wall x1 |
| 9:20 | Mirror · age_up feudal |
| 9:23 | Sephiroth · first_building Stable |
| 9:24 | Mirror · first_building Archery Range |
| 9:31 | yduggal · age_up feudal |
| 9:31 | Sephiroth · wall_segment Palisade Wall x3 |
| 9:34 | yduggal · first_building Stable |
| 9:54 | Mirror · wall_segment Palisade Wall x8 |
| 9:56 | FraGStaR · first_building Stable |
| 10:24 | AMMbush · wall_segment Palisade Wall x17 |
| 10:24 | yduggal · wall_segment Palisade Wall x3 |
| 10:37 | yduggal · wall_segment Palisade Wall x8 |
| 10:40 | yduggal · wall_segment Palisade Wall x2 |
| 10:41 | yduggal · wall_segment Palisade Wall x1 |
| 10:48 | yduggal · wall_segment Palisade Wall x1 |
| 12:04 | Sephiroth · wall_segment Palisade Wall x1 |
| 13:10 | FraGStaR · wall_segment Palisade Wall x5 |
| 13:34 | yduggal · wall_segment Palisade Wall x1 |
| 14:18 | AMMbush · wall_segment Palisade Wall x14 |
| 15:01 | FraGStaR · wall_segment Palisade Wall x1 |
| 15:06 | FraGStaR · wall_segment Palisade Wall x1 |
| 15:16 | Mirror · wall_segment Palisade Wall x1 |
| 16:08 | Mirror · wall_segment Palisade Wall x8 |
| 16:18 | Mirror · wall_segment Palisade Wall x8 |
| 17:15 | FraGStaR · wall_segment Palisade Wall x1 |
| 17:20 | Mirror · wall_segment Palisade Wall x8 |
| 18:11 | Deadkorpse · resign |
[ ANÁLISIS IA · 1 CRÉDITO ]
¿Qué pasó realmente en esta partida?
Wolo.gg analiza cada decisión: build order, eco, micro, errores típicos por bracket. Análisis personalizado por WhatsApp o Discord en 30 segundos.
Guía civ
Vikingos
Perfil
Jugador #4126726